 Dungeon Crawl Stone Soup version 0.29-a0-321-gf1c400731a (webtiles) character file.

Game seed: 5568943654246795982

1542 kae the Firebug (level 8, 0/69 HPs)
             Began as a Tengu Fire Elementalist on Apr 4, 2022.
             Slain by Duvessa
             ... wielding a +0 rapier
              (9 damage)
             ... on level 7 of the Dungeon.
             The game lasted 00:07:02 (8285 turns).

kae the Firebug (Tengu Fire Elementalist)           Turns: 8285, Time: 00:07:03

Health: 0/69       AC: 24    Str: 15    XL:     8   Next: 87%
Magic:  11/15      EV:  2    Int: 18    God:
Gold:   450        SH:  0    Dex: 15    Spells: 2/15 levels left

rFire   . . .      SeeInvis .   r - +7 mace "Nobbithruymo" {vorpal, Str+7}
rCold   . . .      Faith    .   (no shield)
rNeg    . . .      Spirit   .   (body armour currently unavailable)
rPois   +          Reflect  .   (helmet currently unavailable)
rElec   .          Harm     .   (cloak currently unavailable)
rCorr   .          Rampage  .   (gloves currently unavailable)
Will    .....      NoTele   +   (boots unavailable)
Stlth   ++........              (no amulet)
HPRegen 0.21/turn               (no ring)
MPRegen 0.14/turn               (no ring)

@: tree-form
A: stationary, stasis, torment immunity, boosted hp, (beak), (talons 3), nimble
flight
a: no special abilities


You were on level 7 of the Dungeon.
You were a tree.
You visited 1 branch of the dungeon, and saw 7 of its levels.
You also visited: Sewer.

You collected 450 gold pieces.

Inventory:

Hand Weapons
 i - a +0 short sword of venom
 r - the +7 mace "Nobbithruymo" (weapon) {vorpal, Str+7}
   (You found it on level 4 of the Dungeon)

   It inflicts extra damage upon your enemies.
   Str:       It affects your strength (+7).
Missiles
 p - 4 throwing nets
Armour
 a - a +1 robe
 f - a scarf of repulsion (melded)
 t - the +1 robe of the Depths (melded) {rElec Str+8 Dex-3}
   (You found it in a sewer)

   Str:       It affects your strength (+8).
   Dex:       It affects your dexterity (-3).
   rElec:     It insulates you from electricity.
Magical Staves
 n - a staff of conjuration
Jewellery
 e - a ring of ice
Wands
 m - a wand of paralysis (8)
Scrolls
 l - 3 scrolls of teleportation
 q - 2 scrolls of silence
 w - 5 scrolls of amnesia
Potions
 b - 3 potions of magic
 c - 2 potions of ambrosia
 d - a potion of lignification
 g - 3 potions of attraction
 h - 2 potions of cancellation
 o - a potion of might {unknown}
 s - 2 potions of mutation {unknown}
 v - 2 potions of haste {unknown}
 x - a potion of berserk rage {unknown}
 z - 2 potions of flight {unknown}


   Skills:
 + Level 3.4 Fighting
 + Level 3.8 Armour
 + Level 4.6 Dodging
 - Level 2.0 Stealth
 + Level 4.0 Spellcasting
 + Level 5.1 Conjurations
 * Level 6.9 Fire Magic
 + Level 3.3 Evocations


You had 2 spell levels left.
You knew the following spells:

 Your Spells              Type           Power      Damage    Failure   Level
a - Foxfire               Conj/Fire      100%       2x1d9     1%          1
b - Scorch                Fire           56%        2d7       1%          2
c - Conjure Flame         Conj/Fire      25%        6-21      3%          3
d - Inner Flame           Hex/Fire       16%        N/A       11%         3
e - Flame Wave            Conj/Fire      25%        2d7       12%         4

Your spell library contained the following spells:

 Spells                   Type           Power      Damage    Failure   Level
 Sublimation of Blood     Necr           3%         N/A       22%         2
 Wereblood                Tmut           3%         N/A       22%         2
 Summon Cactus Giant      Summ           1%         N/A       100%        6
 Summon Hydra             Summ           1%         N/A       100%        7


Dungeon Overview and Level Annotations

Branches:
Dungeon (7/15)              Sewer (visited)
 Temple: D:4-7

Altars:
Fedhas
Uskayaw
The Shining One

Annotations:
D:7 Duvessa, Pikel


Innate Abilities, Weirdness & Mutations

You are a tree.
Your roots penetrate the ground, keeping you stationary.
You cannot be teleported.
You are immune to unholy pain and torment.
Your maximum health is greatly increased.
Your equipment is partially melded.
((You have a beak for a mouth.))
((You have claws for feet.))
Your magical nature lets you fly swiftly and evasively.


Message History

You turn into a tree.
Your scarf of repulsion melds into your body.
The +1 robe of the Depths {rElec Str+8 Dex-3} melds into your body.
The haze of the repulsion field disappears.
Your roots penetrate the ground.
Duvessa hits you but does no damage.
You feel better. Duvessa hits you with a +0 rapier.
Duvessa hits you but does no damage.
You feel better. Duvessa hits you with a +0 rapier!
You hit Duvessa.
Duvessa is lightly wounded.
Duvessa hits you but does no damage. Duvessa hits you with a +0 rapier.
* * * LOW HITPOINT WARNING * * *
You completely miss Duvessa.
Duvessa is lightly wounded.
Duvessa hits you with a +0 rapier.
* * * LOW HITPOINT WARNING * * *
Duvessa hits you with a +0 rapier.
* * * LOW HITPOINT WARNING * * *
You sock Duvessa! You punch Duvessa, but do no damage.
Duvessa is moderately wounded.
Duvessa hits you but does no damage. x2
You hit Duvessa.
Duvessa is heavily wounded.
Duvessa hits you but does no damage. Duvessa hits you with a +0 rapier.
* * * LOW HITPOINT WARNING * * *
You closely miss Duvessa.
Duvessa is heavily wounded.
Duvessa hits you with a +0 rapier.
* * * LOW HITPOINT WARNING * * *
Duvessa hits you but does no damage. x2
Casting: Scorch (safe; 1% risk of failure)
Confirm with . or Enter, or press ? or * to list all spells.
Flames lash Duvessa but do no damage.
Duvessa barely misses you. Duvessa hits you but does no damage. x2
Casting: Scorch (safe; 1% risk of failure)
Confirm with . or Enter, or press ? or * to list all spells.
Flames lash Duvessa.
Duvessa is heavily wounded.
Duvessa's fire resistance burns away.
Duvessa hits you with a +0 rapier!
You die...

...............
...............
...............
.............
............
#..........
#..........
#..♣)......
#..e.......
#..........
............
.............
...............
.....########..
..... ..


You could see Duvessa (berserk, combustible).

Vanquished Creatures
  A water moccasin (D:6)
  A black bear (D:6)
  An ice beast (D:5)
  A sky beast (D:7)
  4 lemures
  An ogre (D:5)
  A phantom (D:5)
  A kobold brigand (Sewer)
  2 bullfrogs (D:6)
  A scorpion (D:6)
  2 necrophages
  Dowan (D:7)
  2 jellies
  Crazy Yiuf (D:5)
  A gnoll shaman (D:4)
  2 hounds (D:4)
  2 orc priests (D:3)
  An iguana (D:5)
  An orc wizard (D:3)
  9 gnolls (D:4)
  7 adders
  A river rat (D:5)
  3 ufetubi
  A worm (D:2)
  A dart slug (D:4)
  14 orcs
  5 ball pythons
  8 endoplasms
  6 giant cockroaches
  7 goblins
  10 hobgoblins
  4 quokkas
  8 bats
  2 frilled lizards (D:1)
  24 kobolds
  9 rats
146 creatures vanquished.

Vanquished Creatures (collateral kills)
  A foxfire (Sewer)
1 creature vanquished.

Vanquished Creatures (others)
  295 foxfires
  A fungus (Sewer)
  3 plants (Sewer)
299 creatures vanquished.

Grand Total: 446 creatures vanquished

Notes
Turn   | Place    | Note
-------+----------+-------------------------------------------
     0 | D:1      | kae the Tengu Fire Elementalist began the quest for the
                  | Orb.
     0 | D:1      | Reached XP level 1. HP: 10/10 MP: 4/4
   251 | D:1      | Reached XP level 2. HP: 15/15 MP: 1/6
   438 | D:1      | Learned a level 2 spell: Scorch
   753 | D:1      | You fall into a shaft and drop 1 floor!
   821 | D:2      | Reached XP level 3. HP: 18/20 MP: 4/7
   822 | D:2      | Reached skill level 1 in Armour
  1577 | D:2      | Reached skill level 1 in Fighting
  1601 | D:2      | Reached XP level 4. HP: 25/25 MP: 5/8
  1699 | D:2      | Found a faded altar of an unknown god.
  2018 | D:3      | Reached skill level 4 in Fire Magic
  2175 | D:3      | Gained mutation: Your magical nature lets you fly swiftly
                  | and evasively. [Tengu growth]
  2175 | D:3      | Reached XP level 5. HP: 22/29 MP: 3/9
  2279 | D:3      | Reached skill level 1 in Evocations
  3308 | D:4      | Reached XP level 6. HP: 27/34 MP: 3/11
  3813 | D:4      | Reached skill level 5 in Fire Magic
  3979 | D:4      | Identified the +7 mace "Nobbithruymo" {vorpal, Str+7}
  4023 | D:4      | Found a glowing golden altar of the Shining One.
  4430 | D:4      | Reached XP level 7. HP: 21/40 MP: 9/12
  4659 | D:5      | Entered Level 5 of the Dungeon
  4706 | D:5      | Found a glowing drain.
  4814 | Sewer    | Entered a sewer
  5065 | Sewer    | Identified the +1 robe of the Depths {rElec Str+8 Dex-3}
  5702 | D:5      | Learned a level 3 spell: Conjure Flame
  6420 | D:5      | Reached XP level 8. HP: 45/45 MP: 6/14
  6507 | D:5      | Found a runed translucent door.
  6508 | D:5      | Noticed Crazy Yiuf
  6569 | D:5      | Found a blossoming altar of Fedhas.
  6766 | D:5      | Killed Crazy Yiuf
  6767 | D:5      | Reached skill level 6 in Fire Magic
  7728 | D:7      | Found a hide-covered altar of Uskayaw.
  7734 | D:7      | Learned a level 3 spell: Inner Flame
  7739 | D:7      | Learned a level 4 spell: Flame Wave
  7818 | D:7      | Noticed Pikel
  8189 | D:7      | Noticed Duvessa
  8189 | D:7      | Noticed Dowan
  8199 | D:6      | Reached skill level 5 in Conjurations
  8273 | D:7      | Killed Dowan
  8285 | D:7      | Slain by Duvessa

Illustrated notes

Levels and vault maps discovered:
D:1:      eino_arrival_cavern_b, layout_rooms
D:2:      layout_rooms, ebering_ecumenical_altar_hall
D:3:      layout_loops_corners, minmay_liquid_box, minmay_surrounded
D:4:      layout_loops_ring, mainiacjoe_overflow_surrounded_room,
          cheibrodos_gnoll_hut
D:5:      layout_loops_corners, mainiacjoe_overflow_tiny_flanked,
          portal_sewer_entry_a, uniq_crazy_yiuf_cottage
D:6:      layout_basic, grunt_decor_junction, minmay_crossroads
D:7:      layout_gridville, mainiacjoe_overflow_large_starburst,
          minmay_temple_entry_stoned_glass, ebering_ghost_reflecting_pool,
          uniq_duvessa, uniq_pikel

Skill      XL: |  1  2  3  4  5  6  7  8 |
---------------+-------------------------+-----
Armour         | 1 2 3 |  3.8
Conjurations   | 2 3 4 5 |  5.1
Fighting       | 1 2 3 |  3.4
Fire Magic     | 4 5 6 |  6.9
Evocations     | 1 2 3 |  3.3
Dodging        | 3 4 |  4.6
Spellcasting   | 3 4 |  4.0
Stealth        | |  2.0

Action                   |  1- 3 |  4- 6 |  7- 9 || total
-------------------------+-------+-------+-------++-------
Melee: Unarmed           |     7 |       |       ||     7
       Short sword       |    12 |    42 |       ||    54
       Kick              |     5 |    12 |    10 ||    27
       Peck              |     3 |    19 |     3 ||    25
       Mace              |       |    11 |    44 ||    55
       Punch             |       |       |     1 ||     1
 Cast: Foxfire           |    57 |    67 |    67 ||   191
       Scorch            |     1 |     9 |    45 ||    55
       Conjure Flame     |       |       |     7 ||     7
       Inner Flame       |       |       |     1 ||     1
  Use: Scroll            |     6 |     1 |     8 ||    15
       Potion            |       |       |     5 ||     5
 Stab: Sleeping          |     3 |     3 |     1 ||     7
Armor: Robe              |     5 |     8 |    19 ||    32
       Skin              |       |       |    10 ||    10
Dodge: Dodged            |    16 |    51 |    77 ||   144
       Repelled          |       |       |     1 ||     1

Table legend: (Time is in decaauts)
 A = Elapsed time spent in this place.
 B = Non-inter-level travel time spent in this place.
 C = Inter-level travel time spent in this place.
 D = Time resting spent in this place.
 E = Time spent auto-exploring this place.
 F = Levels seen in this place.
 G = Mean time per level.
                   A        B        C        D        E       F      G
               +--------+--------+--------+--------+--------+-----+--------+
         Total |   8013 |   7770 |    243 |    362 |   6215 |   8 | 1001.6 |
       Dungeon |   7411 |   7168 |    243 |    359 |   5743 |   7 | 1058.7 |
         Sewer |    602 |    602 |      0 |      3 |    471 |   1 |  602.0 |
               +--------+--------+--------+--------+--------+-----+--------+

Top non-repeatable levels by time:
     D:5: 1488 daAuts
     D:4: 1351 daAuts
     D:6: 1251 daAuts
     D:3: 1189 daAuts
     D:1: 1064 daAuts
     D:2: 926 daAuts
   Sewer: 602 daAuts
     D:7: 140 daAuts
